Map: 시뮬레이크럼 - 래더

Players

Trap

  • Race: Protoss Protoss
  • Spawn Location: 5:00

Solar - Winner!

  • Race: Zerg Zerg
  • Spawn Location: 11:00

Event: IEM Katowice 2020

VOD

Have the link to the VOD?

Description

Time

  • Played on: Feb. 28, 2020, 7:27 a.m.
  • Length: 11:36

All games in this series

Show
View Real Time Build Order
Export as new Build Order

Trap Protoss 

Build Orders: 1 Gate Expand, Oracle Opening, Phoenix Opening, Zealot Archon 

Get SALT Encoding   

  12  0:00  Probe  
  13  0:12  Probe  
  14  0:18  Pylon  
  14  0:24  Probe  
  15  0:36  Probe (Chrono Boost)  
  16  0:44  Gateway  
  16  0:46  Probe (Chrono Boost)  
  16  0:48  Assimilator  
  17  0:51  Probe (Chrono Boost)  
  18  1:03  Probe  
  19  1:15  Probe  
  20  1:25  Nexus  
  20  1:34  Cybernetics Core  
  20  1:37  Probe  
  21  1:45  Assimilator  
  21  1:49  Probe  
  21  1:52  Pylon  
  23  2:01  Probe  
  23  2:08  Adept (Chrono Boost)  
  23  2:13  Probe  
  26  2:17  Stargate  
  26  2:25  Probe (Chrono Boost)  
  26  2:26  Warp Gate  
  27  2:30  Adept  
  27  2:36  Probe (Chrono Boost)  
  30  2:37  Probe (Chrono Boost)  
  31  2:46  Probe x2 (Chrono Boost)  
  31  2:51  Probe x2 (Chrono Boost)  
  35  3:00  Adept  
  35  3:03  Probe, Phoenix (Chrono Boost)  
  40  3:06  Probe  
  40  3:11  Pylon  
  41  3:15  Probe  
  42  3:22  Oracle (Chrono Boost)  
  42  3:26  Gateway  
  45  3:28  Probe  
  45  3:30  Probe  
  47  3:39  Gateway  
  47  3:41  Probe  
  47  3:42  Probe  
  47  3:44  Assimilator  
  49  3:53  Oracle (Chrono Boost)  
  49  3:54  Pylon  
  49  3:55  Adept  
  54  4:05  Pylon  
  54  4:12  Probe x2  
  56  4:24  Probe x2  
  58  4:31  Oracle (Chrono Boost)  
  61  4:36  Adept x3  
  61  4:37  Assimilator  
  67  4:38  Pylon  
  67  4:41  Pylon  
  67  5:02  Oracle (Chrono Boost)  
  67  5:03  Probe x2  
  67  5:05  Adept  
  67  5:06  Adept x2, Nexus  
  78  5:09  Pylon  
  78  5:12  Pylon  
  78  5:15  Probe x2  
  80  5:28  Adept x3  
  86  5:29  Robotics Facility  
  86  5:46  Probe x2  
  86  5:47  Forge  
  86  5:48  Twilight Council  
  88  5:52  Sentry x2  
  88  5:54  Shield Battery  
  92  5:58  Probe (Chrono Boost)  
  92  5:59  Probe (Chrono Boost)  
  92  6:10  Probe (Chrono Boost)  
  92  6:11  Sentry  
  96  6:14  Gateway, Shield Battery  
  96  6:15  Shield Battery  
  96  6:16  Probe (Chrono Boost), Gateway  
  96  6:17  Probe (Chrono Boost)  
  97  6:20  Probe (Chrono Boost)  
  97  6:22  Probe, Immortal (Chrono Boost)  
  103  6:38  Protoss Ground Weapons Level 1 (Chrono Boost)  
  103  6:39  Probe x3  
  103  6:41  Charge  
  103  6:45  Assimilator  
  103  6:46  Pylon, Assimilator  
  103  6:49  Pylon  
  103  6:51  Probe, Templar Archives  
  103  6:52  Probe x2  
  106  6:59  Immortal (Chrono Boost)  
  110  7:05  Probe x3  
  113  7:11  Gateway  
  113  7:13  Gateway  
  113  7:17  Probe x3  
  116  7:26  Pylon  
  116  7:29  Probe, Pylon  
  117  7:30  High Templar x2  
  117  7:32  Warp Prism (Chrono Boost)  
  117  7:36  Archon  
  123  7:42  Phoenix (Chrono Boost)  
  125  7:45  Photon Cannon  
  125  7:50  Photon Cannon  
  125  7:52  Photon Cannon  
  125  7:56  High Templar x2, Zealot  
  125  7:58  Phoenix (Chrono Boost)  
  129  8:00  Pylon  
  129  8:01  Pylon  
  129  8:02  Shield Battery  
  131  8:12  Zealot x4  
  139  8:20  Phoenix (Chrono Boost)  
  139  8:26  Pylon x2  
  141  8:28  Psionic Storm  
  141  8:30  Zealot  
  141  8:34  Observer (Chrono Boost)  
  144  8:35  Nexus  
  144  8:36  Pylon  
  144  8:40  Pylon  
  144  8:41  Archon  
  144  8:46  Phoenix  
  144  8:56  Photon Cannon  
  144  8:57  Photon Cannon  
  144  8:58  Photon Cannon  
  144  9:02  Fleet Beacon, Stargate  
  144  9:05  Probe x3  
  147  9:17  Probe x2  
  147  9:18  Probe, High Templar x4  
  147  9:22  Photon Cannon  
  158  9:25  Archon x2  
  158  9:29  Zealot x3  
  160  9:37  Immortal (Chrono Boost)  
  130  9:57  Zealot x3  
  130  9:58  Sentry x2, Zealot  
  130  9:59  Zealot  
  141  10:07  Photon Cannon  
  141  10:08  Immortal (Chrono Boost)  
  137  10:15  Shield Battery  
  137  10:16  Shield Battery  
  137  10:20  Sentry x3, Zealot  
  137  10:21  Zealot x2  
  129  10:22  Zealot  
  107  10:42  Immortal (Chrono Boost)  
  97  10:45  Zealot x3  
  97  10:46  Zealot x3  
  107  10:50  Zealot  
  107  10:59  Gateway  
  107  11:03  Gateway, Shield Battery  
  98  11:06  Shield Battery  
  98  11:07  High Templar  
  98  11:08  High Templar x3, Zealot x2  
  106  11:12  Archon x2  
  106  11:14  Zealot  
  97  11:30  Zealot x2  
Show
View Real Time Build Order
Export as new Build Order

Solar Zerg - Winner!

Build Orders: Hatch First 

Get SALT Encoding   

  12  0:02  Drone  
  13  0:12  Overlord  
  13  0:18  Drone  
  14  0:31  Drone x2  
  16  0:48  Hatchery  
  15  0:52  Drone  
  15  0:55  Drone  
  17  0:59  Drone  
  18  1:11  Extractor  
  17  1:14  Spawning Pool  
  17  1:17  Drone  
  17  1:23  Drone  
  18  1:29  Drone  
  19  1:40  Drone  
  20  1:47  Hatchery  
  20  1:51  Drone  
  20  2:01  Queen  
  20  2:04  Zergling x2  
  23  2:13  Queen  
  25  2:19  Overlord  
  25  2:26  Drone  
  25  2:28  Drone  
  27  2:31  Metabolic Boost  
  27  2:35  Drone  
  28  2:38  Drone  
  28  2:40  Zergling x2  
  30  2:47  Queen  
  30  2:50  Drone  
  33  2:55  Drone x2  
  33  2:58  Drone  
  36  3:04  Zergling x2  
  37  3:07  Queen  
  37  3:10  Overlord  
  38  3:13  Zergling x2  
  38  3:15  Drone  
  38  3:18  Zergling x2  
  41  3:23  Overlord  
  41  3:28  Queen  
  41  3:30  Drone  
  41  3:31  Drone  
  41  3:32  Drone  
  46  3:38  Drone x3  
  49  3:41  Overlord  
  49  3:45  Spore Crawler  
  49  3:46  Drone  
  49  3:53  Spore Crawler, Drone  
  49  3:55  Overlord  
  49  3:59  Overlord  
  49  4:02  Drone x2  
  51  4:03  Drone  
  51  4:05  Zergling x2  
  51  4:08  Drone x2  
  55  4:11  Drone x2  
  55  4:17  Drone x3  
  60  4:20  Drone  
  60  4:22  Drone x2  
  61  4:28  Drone x2  
  61  4:31  Spore Crawler  
  62  4:34  Drone  
  62  4:35  Drone  
  64  4:38  Drone  
  64  4:39  Lair  
  64  4:43  Overlord  
  64  4:47  Extractor, Drone, Roach Warren  
  64  4:49  Extractor, Drone  
  64  4:50  Drone  
  64  4:51  Drone  
  65  4:54  Zergling x4  
  65  4:55  Zergling x2  
  65  4:57  Drone  
  69  5:03  Drone x4  
  69  5:04  Drone  
  71  5:07  Drone  
  71  5:09  Drone x2  
  71  5:10  Overlord  
  71  5:12  Drone  
  71  5:13  Drone  
  76  5:14  Extractor  
  76  5:15  Drone  
  76  5:18  Overlord  
  75  5:23  Overlord  
  75  5:24  Queen  
  75  5:28  Extractor, Roach x2  
  80  5:30  Roach  
  80  5:32  Roach  
  80  5:33  Roach  
  86  5:36  Zergling x2  
  86  5:37  Zergling x4  
  86  5:38  Zergling x2  
  86  5:41  Spore Crawler  
  86  5:42  Roach  
  90  5:43  Zergling x2  
  90  5:45  Zergling x2  
  90  5:46  Zergling x4  
  90  5:49  Zergling x4  
  96  5:50  Zergling x2  
  96  5:53  Overlord  
  96  5:55  Drone x2  
  99  6:03  Overlord  
  97  6:06  Overlord  
  97  6:08  Overlord  
  97  6:12  Extractor  
  97  6:13  Drone x4  
  97  6:14  Glial Reconstitution, Drone x3  
  97  6:17  Overseer x2  
  103  6:23  Spire  
  103  6:24  Roach  
  104  6:26  Drone x2  
  104  6:32  Roach x2  
  107  6:38  Drone x5  
  107  6:39  Drone x2  
  109  6:42  Drone  
  109  6:45  Drone  
  111  6:48  Drone  
  112  6:55  Overlord  
  112  6:57  Overlord  
  112  7:00  Evolution Chamber  
  113  7:01  Roach  
  113  7:04  Hatchery, Roach x2  
  113  7:06  Overlord  
  118  7:08  Roach  
  118  7:11  Overlord  
  118  7:13  Overlord  
  118  7:16  Overlord  
  118  7:35  Mutalisk x9  
  136  7:37  Mutalisk  
  136  7:40  Roach  
  136  7:41  Roach  
  136  7:43  Roach  
  143  7:45  Zerg Missile Weapons Level 1  
  143  7:46  Ravager  
  143  7:49  Roach x2  
  143  7:50  Roach  
  149  7:52  Roach  
  149  7:54  Roach  
  149  7:55  Roach  
  153  7:59  Roach x2  
  153  8:00  Roach  
  153  8:02  Roach  
  153  8:03  Roach  
  153  8:05  Overlord  
  163  8:07  Roach  
  163  8:09  Roach  
  163  8:11  Roach  
  163  8:12  Roach  
  168  8:19  Zergling x12  
  170  8:33  Roach  
  170  8:34  Roach x6  
  183  8:37  Overlord x2  
  183  8:38  Ravager x2  
  183  8:40  Overlord  
  183  8:43  Overlord  
  183  8:44  Overlord  
  183  8:48  Overlord  
  183  8:51  Overlord  
  183  8:54  Overlord  
  183  8:56  Ravager x5  
  183  8:57  Roach x2  
  183  8:59  Roach x2  
  183  9:00  Zergling x2  
  183  9:01  Zergling x2  
  198  9:03  Zergling x2  
  198  9:05  Zergling x2  
  196  9:10  Roach  
  196  9:13  Zergling x2  
  196  9:16  Roach  
  197  9:18  Ravager x2  
  199  9:29  Zergling x2  
  199  9:31  Roach x2  
  199  9:33  Roach  
  199  9:34  Roach x2  
  199  9:38  Zergling x2  
  196  9:40  Roach x2  
  196  9:41  Roach x4  
  196  9:43  Ravager x2  
  196  9:45  Roach  
  198  9:47  Ravager  
  199  9:58  Ravager  
  199  9:59  Ravager  
  199  10:02  Extractor  
  199  10:03  Zergling x2  
  199  10:09  Roach  
  199  10:10  Roach x2  
  199  10:11  Zergling x2, Hatchery  
  199  10:12  Zergling x2  
  195  10:17  Roach x6  
  195  10:18  Zergling x16  
  195  10:19  Roach  
  195  10:20  Roach  
  197  10:21  Zergling x2  
  197  10:23  Roach  
  197  10:25  Roach  
  182  10:30  Roach  
  182  10:31  Roach x4  
  182  10:32  Zergling x4  
  182  10:34  Roach  
  182  10:35  Roach  
  182  10:36  Roach  
  182  10:37  Roach  
  182  10:40  Roach  
  182  10:41  Zergling x2  
  178  10:44  Roach x2  
  178  10:47  Roach x2  
  178  10:49  Roach x2  
  176  10:52  Zergling x2  
  176  10:54  Roach  
  176  10:55  Roach  
  176  10:56  Roach x2  
  177  10:58  Roach  
  177  10:59  Roach  
  177  11:00  Roach  
  177  11:01  Zergling x2  
  177  11:03  Roach  
  178  11:05  Zergling x4  
  178  11:06  Zergling x6  
  178  11:07  Ravager  
  178  11:10  Zergling x8  
  185  11:16  Roach x2  
  186  11:19  Ravager  

Tags
 
Add a new tag
Caveats
  • Supply blocks, unpowered buildings, or Contaminate may cause inaccurate times.
  • Supply counts are checked every 10 seconds.